 Dungeon Crawl Stone Soup version 0.29-a0-397-g846e4a0bbc (webtiles) character file.

Game seed: 3704656513017308955

73 HendSelp the Insei (level 4, -3/28 HPs)
             Began as an Octopode Transmuter on May 11, 2022.
             Killed by divine providence
             ... invoked by an orc priest
              (15 damage)
             ... on level 2 of the Dungeon.
             The game lasted 00:03:30 (2425 turns).

HendSelp the Insei (Octopode Transmuter)            Turns: 2425, Time: 00:03:32

Health: -3/28      AC:  1    Str: 11    XL:     4   Next: 27%
Magic:  4/7        EV: 13    Int: 15    God:
Gold:   58         SH:  0    Dex: 12    Spells: 1/7 levels left

rFire   . . .      SeeInvis .     - Unarmed
rCold   . . .      Faith    .   (no shield)
rNeg    . . .      Spirit   .   (helmet currently unavailable)
rPois   .          Reflect  .   (no amulet)
rElec   .          Harm     .   (no ring)
rCorr   .          Rampage  .   (no ring)
Will    .....                   (no ring)
Stlth   ++........              (no ring)
HPRegen 0.09/turn               (no ring)
MPRegen 0.10/turn               (no ring)
                                (no ring)
                                (no ring)

@: appendages, wereblooded
A: tentacle spike 3, almost no armour, amphibious, 8 rings, camouflage 1,
gelatinous body 1, (nimble swimmer 1), tentacles
a: End Transformation


You were on level 2 of the Dungeon.
One of your tentacles had grown a beastly spike.
You visited 1 branch of the dungeon, and saw 2 of its levels.

You collected 58 gold pieces.

Inventory:

Scrolls
 c - a scroll of amnesia
 e - 2 scrolls of blinking
Potions
 a - a potion of curing {unknown}
 b - a potion of mutation {unknown}
 d - a potion of degeneration {unknown}
 f - a potion of lignification
 h - a potion of berserk rage {unknown}


   Skills:
 + Level 1.1 Fighting
 - Level 2.0 Dodging
 + Level 4.2 Unarmed Combat
 + Level 2.4 Spellcasting
 + Level 2.7 Transmutations


You had one spell level left.
You knew the following spells:

 Your Spells              Type           Power      Damage    Failure   Level
a - Beastly Appendage     Tmut           18%        N/A       7%          1
b - Wereblood             Tmut           9%         N/A       11%         2
c - Spider Form           Tmut/Pois      5%         N/A       36%         3

Your spell library contained the following spells:

 Spells                   Type           Power      Damage    Failure   Level
 Sting                    Tmut/Pois      20%        1d4       12%         1
 Shock                    Conj/Air       4%         1d3       22%         1
 Poisonous Vapours        Pois/Air       2%         N/A       32%         2
 Swiftness                Air            1%         N/A       54%         3
 Ice Form                 Ice/Tmut       5%         N/A       77%         4
 Airstrike                Air            0%         N/A       91%         4
 Olgreb's Toxic Radiance  Pois           1%         N/A       91%         4


Dungeon Overview and Level Annotations

Branches:
Dungeon (2/15)

Altars:

Shops:
D:1 ?(((!


Innate Abilities, Weirdness & Mutations

One of your tentacles has grown a beastly spike.
You cannot wear most types of armour.
You are amphibious.
You can wear up to eight rings at the same time.
Your skin changes colour to match your surroundings (Stealth+).
Your rubbery body absorbs attacks. (AC +1, EV +1)
((You are camouflaged when in or above water. (Stealth+)))
You have tentacles for arms and can constrict up to eight enemies at once.


Message History

As you read the scroll labelled YSTROTZUFAH, it crumbles to dust.
You feel aware of your surroundings.
It was a scroll of magic mapping.
You see here a +0 ring mail.
An orc priest, 3 orcs and a ball python come into view.
Found a stone staircase leading down.
One of your tentacles grows a vicious spike.
The ball python hisses angrily.
The orc priest shouts!
The orc shouts! x2
Casting: Beastly Appendage (safe; 7% risk of failure)
Confirm with . or Enter, or press ? or * to list all spells.
Your blood is infused with primal strength.
The orc shouts!
Found an escape hatch in the floor.
The orc barely misses you. The orc hits you with a +0 trident.
Unknown command.
You tentacle-slap the orc. Your grab misses the orc.
The orc is severely wounded.
The ball python barely misses you. The ball python completely misses you.
The orc hits you with a +0 trident. The orc hits you with a +0 short sword.
Unknown command.
You tentacle-slap the orc.
You feel a bit better.
You kill the orc!
You howl as the wereblood boils in your veins!
The ball python bites you. The ball python barely misses you.
The orc priest mumbles some strange prayers to Beogh against you.
Beogh smites you! The ball python barely misses you.
The ball python closely misses you.
You are too injured to fight recklessly!
Unknown command.
You are too injured to fight recklessly!
Unknown command.
You are too injured to fight recklessly!
Unknown command.
You closely miss the ball python. Your grab misses the ball python.
Your tentacle spike misses the ball python.
You tentacle-slap the ball python.
You feel a bit better.
You kill the ball python!
The orc priest calls down the wrath of Beogh upon you.
Beogh smites you!
Ouch! That really hurt!
You die...

* #......#######..# #.# *
#.##..###$⌠$###.# #.# *
#.##..##.....##.####.### *
#.###.#.......#.......†. *
#§# #.#.#...#.#.####..†. *
#§# #.#.......#.#######. *
#§# #.#o.o....#......... *
##§###.#oo.....#.#######. *
**#§§§#..#@#...#.#.# #. *
*,§§#.§..#.†.....#.# ## *
*.§....[...........# # *
#..###.###.#...#.#********#
* #..*
#..,.>#>.....,,,,,,,,. *
#..**#.###...#####*******##
******#.,,,..# ##### #
,,,,,,..***### # *********
*


You could see 2 orc priests and 2 orcs.

Vanquished Creatures
  2 adders (D:2)
  2 dart slugs
  An orc (D:2)
  2 ball pythons (D:2)
  5 endoplasms
  4 giant cockroaches (D:1)
  2 goblins
  6 hobgoblins
  2 jackals (D:1)
  3 kobolds
  3 quokkas (D:1)
  7 bats
  3 frilled lizards
  4 rats
46 creatures vanquished.

Notes
Turn   | Place    | Note
-------+----------+-------------------------------------------
     0 | D:1      | HendSelp the Octopode Transmuter began the quest for the
                  | Orb.
     0 | D:1      | Reached XP level 1. HP: 13/13 MP: 3/3
   413 | D:1      | Reached XP level 2. HP: 13/18 MP: 3/5
   420 | D:1      | Learned a level 2 spell: Wereblood
   575 | D:1      | Found Egunteis's Weapon Shoppe.
   723 | D:1      | Found Aroile's Distillery.
  1055 | D:1      | Found Peitz's Weapon Emporium.
  1133 | D:1      | Reached XP level 3. HP: 18/23 MP: 4/6
  1209 | D:1      | Found Jariac's Magic Scroll Emporium.
  1635 | D:1      | Found Ekaqumurgh's Antique Weapon Boutique.
  1751 | D:1      | Learned a level 3 spell: Spider Form
  2065 | D:2      | Reached skill level 4 in Unarmed Combat
  2210 | D:2      | Reached XP level 4. HP: 28/28 MP: 5/7
  2425 | D:2      | Killed from afar by an orc priest

Illustrated notes

Levels and vault maps discovered:
D:1:      heliophobic_arrival_battle_scene, layout_loops_ring, serial_shops,
          nicolae_shop_advertising_works [nicolae_subvault_shop_adworks], shop,
          shop, nicolae_shop_stone, shop, kennysheep_pointless_box
D:2:      cheibrodos_pilgrimage, layout_loops_ring

Skill      XL: |  1  2  3 |
---------------+----------+-----
Unarmed Combat | 4 |  4.2
Fighting       | |  1.1
Dodging        | |  2.0
Spellcasting   | |  2.4
Transmutations | |  2.7

Action                   |  1- 3 |  4- 6 || total
-------------------------+-------+-------++-------
Melee: Unarmed           |    86 |    11 ||    97
       Constrict         |    25 |     2 ||    27
       Kick              |    17 |     1 ||    18
       Tentacles         |    12 |     2 ||    14
       Punch             |     3 |     1 ||     4
 Cast: Beastly Appendage |    20 |     2 ||    22
       Wereblood         |       |     1 ||     1
  Use: Potion            |     1 |       ||     1
       Scroll            |     2 |     2 ||     4
 Stab: Sleeping          |     8 |       ||     8
Armor: Skin              |    11 |       ||    11
Dodge: Dodged            |    50 |    11 ||    61

Table legend: (Time is in decaauts)
 A = Elapsed time spent in this place.
 B = Non-inter-level travel time spent in this place.
 C = Inter-level travel time spent in this place.
 D = Time resting spent in this place.
 E = Time spent auto-exploring this place.
 F = Levels seen in this place.
 G = Mean time per level.
                   A        B        C        D        E       F      G
               +--------+--------+--------+--------+--------+-----+--------+
         Total |   2419 |   2382 |     37 |    412 |   1686 |   2 | 1209.5 |
       Dungeon |   2419 |   2382 |     37 |    412 |   1686 |   2 | 1209.5 |
               +--------+--------+--------+--------+--------+-----+--------+

Top non-repeatable levels by time:
     D:1: 1771 daAuts
     D:2: 647 daAuts
